← All builds
Suicide front / Armada / Factory first / OBSERVED BUILD

Standard suicide front

Armada Suicide front build order · Supreme Isthmus

The role's standard play: bot lab first, Rocketeer/Centurion/Pawn based force pushes into the middle to contest and hold it until T2 arrives.

Usually lab first (63%)

#rush #push · 1309 distinct matches · 127 players · 71% of Armada Suicide front games · team won 59% of 1550 · Recently observed

HOW TO PLAY IT

Key timing: Bot Lab by 0:20

  1. Open with mex and wind, drop Bot Lab immediately.
  2. Push out first "Centurion" as Pond's boost lands.
  3. Send "Rocketeer", "Centurion", "Pawn" mix to contest middle.
  4. Add Dragon's Teeth and Sentries to hold the line.
  5. Get Advanced Metal Extractor up as T2 nears.

Phase by phase

TYPICAL OF ITS 1309 GAMES
  1. 1
  2. 2
  3. 3
PLAY THE OPENING

Follow the example game's first 6:00 step by step: what to build now, what comes next, and where it goes. At 1× it keeps pace with your own game.

  1. 1

    Bot Lab first

    Order
    1. Bot LabBot Lab done ~0:20, middle half 0:20–0:33

    Some games also: mex (37%)

  2. 2

    Bot Lab to 5:00

    Economy
    • Metal Extractor5Mex
    • Wind Turbine4Wind
    Builders
    • Construction Bot3 Con bot
    • Lazarus2 Lazarus
    Army
    • Sentry4 Sentry
    • Rocketeer17 Rocketeer
    • Tick2 Tick
    • Centurion1 Centurion
    Other
    • Radar Tower1 Radar Tower

    Some games also: con turret (35%) · pawn (33%)

    By 5:00 in all: 5 mex · 4 wind

    The example game in this phase · 32 steps
    1. CenturionCenturion
    2. Mex
    3. Wind ×3
    4. Mex
    5. Construction BotCon bot
    6. Mex
    7. SentrySentry
    8. Construction BotCon bot
    9. LazarusLazarus
    10. SentrySentry
    11. LazarusLazarus
    12. Mex
    13. Construction BotCon bot
    14. Mex
    15. RocketeerRocketeer ×3
    16. SentrySentry
    17. RocketeerRocketeer
    18. Wind
    19. RocketeerRocketeer ×3
    20. Wind
    21. RocketeerRocketeer ×3
    22. Wind
    23. RocketeerRocketeer ×2
    24. SentrySentry
    25. RocketeerRocketeer
    26. Wind
    27. RocketeerRocketeer ×2
    28. Wind
    29. CenturionCenturion
    30. Wind
    31. Construction BotCon bot ×2
    32. Wind
  3. 3

    5:00 to 10:00

    Economy
    • Metal Extractor1Mex
    • Wind Turbine17Wind
    Builders
    • Construction Turret2 Con turret
    • Lazarus2 Lazarus
    • Construction Bot1 Con bot
    Army
    • Sentry1 Sentry
    • Rocketeer8 Rocketeer
    • Pawn1 Pawn

    Some games also: tick (47%) · Radar Tower (46%) · energy storage (46%) · centurion (45%) · Beamer (39%)

    By 10:00 in all: 6 mex · 23 wind · 1 energy storage · 3 con turret

    The example game in this phase · 161 steps
    1. LazarusLazarus ×2
    2. Construction BotCon bot
    3. RocketeerRocketeer
    4. Wind
    5. RocketeerRocketeer ×3
    6. Wind
    7. RocketeerRocketeer ×2
    8. Wind
    9. RocketeerRocketeer
    10. Radar TowerRadar Tower
    11. Wind
    12. RocketeerRocketeer ×2
    13. Wind
    14. Mex
    15. RocketeerRocketeer
    16. Wind
    17. RocketeerRocketeer ×2
    18. Wind
    19. RocketeerRocketeer ×2
    20. Wind
    21. RocketeerRocketeer ×2
    22. Advanced Metal ExtractorT2 mexdone 9:12 · typical 9:36
    23. Mex
    24. Wind ×2
    25. CenturionCenturion
    26. Mex
    27. Wind
    28. Construction BotCon bot
    29. Wind
    30. Construction BotCon bot
    31. Mex
    32. LazarusLazarus
    33. Wind
    34. LazarusLazarus
    35. Wind
    36. LazarusLazarus
    37. SentrySentry
    38. LazarusLazarus
    39. Wind
    40. LazarusLazarus
    41. SentrySentry
    42. Wind
    43. Construction BotCon bot
    44. SentrySentry
    45. Wind
    46. RocketeerRocketeer
    47. Radar TowerRadar Tower
    48. SharpshooterSniper botdone 9:25
    49. Advanced Metal ExtractorT2 mex
    50. Wind
    51. RocketeerRocketeer ×2
    52. Con turret ×2
    53. Wind
    54. RocketeerRocketeer
    55. Wind
    56. RocketeerRocketeer
    57. Wind ×2
    58. Con turret ×2
    59. Advanced Metal ExtractorT2 mex
    60. Wind ×2
    61. SentrySentry
    62. CenturionCenturion
    63. SentrySentry
    64. Wind
    65. PawnPawn
    66. Wind ×4
    67. SentrySentry
    68. Wind ×2
    69. SentrySentry
    70. Wind ×7
    71. PawnPawn
    72. Wind ×2
    73. Converter ×2
    74. Wind
    75. PawnPawn
    76. Wind ×6
    77. Converter
    78. Wind
    79. PawnPawn
    80. Wind
    81. Converter
    82. Wind ×4
    83. PawnPawn
    84. Converter
    85. Wind ×5
    86. Converter
    87. Wind
    88. PawnPawn
    89. Wind
    90. Converter
    91. Wind ×4
    92. Converter
    93. PawnPawn
    94. Wind ×6
    95. Converter
    96. Wind
    97. PawnPawn
    98. Wind ×2
    99. Converter
    100. Wind
    101. SentrySentry
    102. Wind ×3
    103. PawnPawn
    104. Wind ×3
    105. Converter
    106. Wind ×3
    107. PawnPawn
    108. Converter
    109. Wind ×7
    110. Converter
    111. PawnPawn
    112. Wind ×4
    113. SentrySentry
    114. Converter
    115. PawnPawn
    116. Wind ×4
    117. Con turret
    118. Converter
    119. Wind ×3
    120. PawnPawn
    121. Wind ×3
    122. Converter
    123. Wind
    124. SentrySentry
    125. Wind
    126. Advanced Metal ExtractorT2 mex
    127. Wind
    128. PawnPawn
    129. Converter
    130. Wind ×6
    131. PawnPawn
    132. Converter
    133. Wind ×3
    134. Con turret
    135. Wind ×3
    136. Converter
    137. PawnPawn
    138. Wind ×5
    139. Converter
    140. Con turret
    141. PawnPawn
    142. Wind ×3
    143. Con turret
    144. Wind ×2
    145. PawnPawn
    146. Wind ×3
    147. Con turret
    148. Converter
    149. Wind
    150. Con turret
    151. Converter ×2
    152. PawnPawn
    153. Converter
    154. PawnPawn
    155. Wind
    156. PawnPawn
    157. Wind ×2
    158. PawnPawn
    159. Wind ×2
    160. Construction BotCon bot
    161. Wind ×2

Counts are medians over the build's games: half of them build more, half fewer. The example game is PixelPeeker's (43 OS, 05/09/2026); pick another.

Team trades

IN AT LEAST 30% OF ITS GAMES

You hand over

Nothing regular.

You get

  • Tidal Generator4 Tidal from Pondfirst at 0:10 · in 69% of games
  • Advanced Construction Bot1 T2 con bot from Geo or Techfirst at 7:30 · in 59% of games

How it plays out

Typical game of this build, running totals by minute

Metal produced

010k20k30k
0:005:0010:0015:00

metal

Enemy metal destroyed

05k10k
0:005:0010:0015:00

metal

Own metal lost

05k10k
0:005:0010:0015:00

metal

1550 games.

Show as table
ByMetal produced: This buildEnemy metal destroyed: This buildOwn metal lost: This build
1:0022600
2:0088900
3:002051180106
4:003161660496
5:00424314171026
6:00543423001787
7:00667231752706
8:00792440303613
9:00931647974495
10:001069854325318
11:001225359116059
12:001410665186829
13:001622670297536
14:001809577098373
15:002043283489240
WHAT THE NUMBERS SAY

Standard suicide front play wins slightly more than half its games with fast kills but also fast losses, matching the raw grind of the role.

  • + First kill lands by 2:04 in all games
  • + Metal produced reaches 19882 by 15:00
  • − Own metal lost hits 9208 by 15:00, near metal destroyed of 8172
  • − First unit lost as early as 2:08 in every game
THE EXAMPLE YOU ARE READING

PixelPeeker

42.6 OS · 05/09/2026

Open source match ↗

5 received units · includes a constructor
152 metal received · 4476 energy received

Allied construction assistance is unknown. Timings are observations, not a promise of solo reproducibility.

Typical milestones

Bot Lab0:20Middle 50%: 0:20–0:33 · n=1543
Advanced Metal Extractor9:36Middle 50%: 8:42–10:48 · n=1143

Played most by

_X_253games of this buildPlatinumBlonde181games of this buildXad127games of this buildImmort74games of this buildwatermeloans60games of this build